 Dungeon Crawl Stone Soup version 0.28-a0-863-g8cecda6153 (webtiles) character file.

Game seed: 5934622847906237565

115 kklluuttzz the Digger (level 5, -5/35 HPs)
             Began as a Formicid Earth Elementalist on Nov 19, 2021.
             Killed from afar by a white imp (9 damage)
             ... with a puff of frost
             ... on level 5 of the Dungeon.
             The game lasted 00:05:49 (2800 turns).

kklluuttzz the Digger (Formicid Earth Elementalist) Turns: 2800, Time: 00:05:49

Health: -5/35      AC:  2    Str: 19    XL:     5   Next: 20%
Magic:  8/8        EV: 12    Int: 15    God:
Gold:   50         SH:  0    Dex: 11    Spells: 4/8 levels left

rFire   . . .      SeeInvis +   a - +0 dagger
rCold   . . .      Faith    .   (no shield)
rNeg    . . .      Spirit   .   b - +0 robe
rPois   .          Reflect  .   (helmet unavailable)
rElec   .          Harm     .   (no cloak)
rCorr   .          Rampage  .   (no gloves)
Will    .....                   (no boots)
Stlth   +.........              (no amulet)
HPRegen 0.11/turn               h - +6 ring of strength
MPRegen 0.11/turn               (no ring)

@: confused, mighty, lethally poisoned (-5 -> -14), ambrosia-drunk
A: permanent stasis, dig shafts and tunnels, antennae 3, four strong arms
a: Dig, Shaft Self


You were on level 5 of the Dungeon.
You visited 1 branch of the dungeon, and saw 5 of its levels.

You collected 144 gold pieces.
You spent 94 gold pieces at shops.

Inventory:

Hand Weapons
 a - a +0 dagger (weapon)
Missiles
 c - 24 stones
Armour
 b - a +0 robe (worn)
Jewellery
 h - a +6 ring of strength (left hand)
Wands
 s - a wand of acid (9)
Scrolls
 j - a scroll of teleportation
 k - 2 scrolls of holy word
 l - a scroll of noise {unknown}
 m - 2 scrolls of identify {unknown}
 p - a scroll of magic mapping {unknown}
 r - a scroll of fear {unknown}
Potions
 f - a potion of degeneration {unknown}
 g - a potion of lignification {unknown}
 i - a potion of attraction {unknown}
 n - a potion of heal wounds {unknown}
 o - a potion of might
 q - 2 potions of haste
 t - a potion of ambrosia


   Skills:
 + Level 1.9 Short Blades
 - Level 1.7 Dodging
 + Level 3.7 Stealth
 - Level 2.2 Spellcasting
 - Level 0.1 Conjurations
 - Level 1.1 Transmutations
 - Level 5.3 Earth Magic


You had 4 spell levels left.
You knew the following spells:

 Your Spells              Type           Power      Damage    Failure   Level
a - Sandblast             Erth           34%        2d9       2%          1
b - Stone Arrow           Conj/Erth      18%        3d8       22%         3

Your spell library contained the following spells:

 Spells                   Type           Power      Damage    Failure   Level
 Passwall                 Tmut/Erth      9%         N/A       9%          2
 Sting                    Tmut/Pois      12%        1d3       17%         1
 Poisonous Vapours        Pois/Air       2%         N/A       32%         2
 Ignite Poison            Fire/Tmut/Pois 2%         N/A       50%         3
 Petrify                  Tmut/Erth      11%        N/A       50%         4
 Mephitic Cloud           Conj/Pois/Air  1%         N/A       54%         3
 Olgreb's Toxic Radiance  Pois           1%         N/A       91%         4
 Borgnjor's Vile Clutch   Necr/Erth      4%         N/A       89%         5
 Alistair's Intoxication  Tmut/Pois      2%         N/A       99%         5
 Freezing Cloud           Conj/Ice/Air   0%         6-21      99%         5
 Eringya's Noxious Bog    Tmut/Pois      1%         N/A       100%        6


Dungeon Overview and Level Annotations

Branches:
Dungeon (6/15)
 Temple: D:4-7

Altars:

Shops:
D:2 *


Innate Abilities, Weirdness & Mutations

You cannot be hasted, slowed, berserked, paralysed or teleported.
You can dig through walls and to a lower floor.
You have a pair of large antennae on your head. (SInv)
Your four strong arms can wield two-handed weapons with a shield.


Message History

You hear the slow rusting of a drain very nearby.
The white imp shouts, "Slither home, thou paunchy nut-hook gnoll-tail!"
A scorpion comes into view.
The white imp gestures at you. The puff of frost hits you!
A quokka comes into view.
Casting: Sandblast (safe; 2% risk of failure)
Confirm with . or Enter, or press ? or * to list all spells.
Aiming: Sandblast (safe; 2% risk of failure)
Press: ? - help, Shift-Dir - straight line, f - white imp
Aim: a white imp (79% to hit)
The blast of sand misses the white imp.
Casting: Sandblast (safe; 2% risk of failure)
Confirm with . or Enter, or press ? or * to list all spells.
Aiming: Sandblast (safe; 2% risk of failure)
Press: ? - help, Shift-Dir - straight line, f/p - white imp
Aim: a white imp (79% to hit)
The blast of sand hits the white imp.
The white imp is moderately wounded.
The white imp gestures at you. The puff of frost hits you!
* * * LOW HITPOINT WARNING * * *
It was a potion of haste.
Your stasis prevents you from being hasted.
It was a potion of might.
You feel very mighty all of a sudden. The scorpion stings you.
* * * LOW HITPOINT WARNING * * *
You are lethally poisoned!
The scorpion poisons you! The white imp barely misses you.
It was a potion of ambrosia.
You are confused.
You feel invigorated.
* * * LOW HITPOINT WARNING * * *
You feel very sick. The scorpion barely misses you. The quokka bites you.
* * * LOW HITPOINT WARNING * * *
The white imp gestures at you. The puff of frost hits you!
You die...

.........
.......#
#......#
#......# #
#......## .#
##.......# ..
#...#....#.#
#...>.r.##...
###..@5......
##.###s......
#.## ###<...
#.....# ...
#..........
..
#........###
l........#
.......... {
.........#


You could see a scorpion, a white imp and a quokka.

Vanquished Creatures
  A scorpion (D:5)
  An adder (D:3)
  3 dart slugs (D:1)
  2 orcs (D:3)
  2 ball pythons
  3 endoplasms (D:2)
  A giant cockroach (D:1)
  4 goblins
  6 hobgoblins
  6 jackals (D:1)
  A quokka (D:1)
  A bat (D:2)
  3 kobolds
  2 rats
36 creatures vanquished.

Notes
Turn   | Place    | Note
-------+----------+-------------------------------------------
     0 | D:1      | kklluuttzz the Formicid Earth Elementalist began the quest
                  | for the Orb.
     0 | D:1      | Reached XP level 1. HP: 13/13 MP: 3/3
    87 | D:1      | Reached skill level 4 in Earth Magic
   168 | D:1      | Reached XP level 2. HP: 19/19 MP: 1/5
   736 | D:1      | Reached XP level 3. HP: 17/24 MP: 3/6
   916 | D:1      | Reached skill level 5 in Earth Magic
  1095 | D:1      | Found a faded altar of an unknown god.
  1478 | D:2      | Found Rixymux's Assorted Antiques.
  1486 | D:2      | Bought a bubbling dark potion for 18 gold pieces
  1486 | D:2      | Bought a bubbling ruby potion for 18 gold pieces
  1486 | D:2      | Bought a scroll labelled LOSSIS VISK for 21 gold pieces
  1486 | D:2      | Bought 2 viscous white potions for 37 gold pieces
  1950 | D:3      | Learned a level 3 spell: Stone Arrow
  2300 | D:3      | Reached XP level 4. HP: 17/30 MP: 2/7
  2498 | D:3      | You fall into a shaft and drop 3 floors!
  2498 | D:6      | Noticed a bullfrog
  2537 | D:6      | Noticed an ogre
  2609 | D:6      | Noticed a scorpion
  2641 | D:5      | Entered Level 5 of the Dungeon
  2641 | D:5      | Noticed a scorpion
  2651 | D:5      | Killed a scorpion
  2652 | D:5      | Reached skill level 1 in Short Blades
  2652 | D:5      | Reached XP level 5. HP: 8/35 MP: 2/8
  2800 | D:5      | Killed from afar by a white imp

Illustrated notes

Levels and vault maps discovered:
D:1:      saegor_arrival_simple_e, layout_loops_ring,
          chequers_ecumenical_altar_grove, minmay_misc_feat_iff
D:2:      minmay_door_path, layout_basic, serial_shops, shop
D:3:      minmay_angry_zag, layout_rooms, okawaru_altar_gauntlet_db,
          fountainhead, chequers_serial_rivers_room_a, uniq_ijyb
D:5:      layout_rooms, mainiacjoe_overflow_surrounded_room,
          cheibrodos_sewer_entry_sluice, uniq_crazy_yiuf_cottage, uniq_menkaure
D:6:      layout_layer_cave, enter_ossuary_3, minmay_fractal_squares_5

Skill      XL: |  1  2  3  4 |
---------------+-------------+-----
Earth Magic    | 4 5 |  5.3
Short Blades   | 1 |  1.9
Stealth        | 3 |  3.7
Dodging        | |  1.7
Spellcasting   | |  2.2
Conjurations   | |  0.1
Transmutations | |  1.1

Action                   |  1- 3 |  4- 6 || total
-------------------------+-------+-------++-------
Melee: Unarmed           |    10 |       ||    10
       Dagger            |    34 |     4 ||    38
 Cast: Sandblast         |    47 |     8 ||    55
 Abil: Dig               |       |     9 ||     9
  Use: Scroll            |     1 |     3 ||     4
       Potion            |       |     4 ||     4
 Stab: Sleeping          |     2 |       ||     2
Armor: Robe              |     6 |     2 ||     8
Dodge: Dodged            |    34 |    20 ||    54

Table legend: (Time is in decaauts)
 A = Elapsed time spent in this place.
 B = Non-inter-level travel time spent in this place.
 C = Inter-level travel time spent in this place.
 D = Time resting spent in this place.
 E = Time spent auto-exploring this place.
 F = Levels seen in this place.
 G = Mean time per level.
                   A        B        C        D        E       F      G
               +--------+--------+--------+--------+--------+-----+--------+
         Total |   2808 |   2788 |     20 |    566 |   1805 |   5 |  561.6 |
       Dungeon |   2808 |   2788 |     20 |    566 |   1805 |   5 |  561.6 |
               +--------+--------+--------+--------+--------+-----+--------+

Top non-repeatable levels by time:
     D:1: 1199 daAuts
     D:2: 737 daAuts
     D:3: 559 daAuts
     D:5: 159 daAuts
     D:6: 153 daAuts
